 Dungeon Crawl Stone Soup version 0.26-a0-753-g4680b4fa2e (webtiles) character file.

Game seed: 14161682805111007702

160287 BritishOli the Warrior (level 17, -16/153 (156) HPs)
             Began as a Demonspawn Fighter on Oct 29, 2020.
             Was the Champion of Okawaru.
             Hit by a silver javelin thrown by a merfolk javelineer (21 damage)
             ... on level 4 of the Shoals on Nov 7, 2020.
             The game lasted 01:46:51 (37758 turns).

BritishOli the Warrior (Demonspawn Fighter)        Turns: 37758, Time: 01:46:52

HP:   -16/153 (156) AC:  0    Str: 22    XL:     17   Next: 17%
MP:   17/17         EV: 13    Int: 10    God:    Okawaru [******]
Gold: 2297          SH:  5    Dex: 14    Spells: 16/16 levels left

rFire    . . .     SeeInvis .   (weapon currently unavailable)
rCold    . . .     Faith    .   (shield currently unavailable)
rNeg     . . .     Spirit   .   (armour currently unavailable)
rPois    .         Reflect  +   (helmet currently unavailable)
rElec    .         Harm     .   (cloak currently unavailable)
rCorr    .         Rampage  .   (gloves currently unavailable)
MR       +....                  (boots unavailable)
Stlth    +.........             y - amulet of reflection
HPRegen  5.35/turn              (ring currently unavailable)
MPRegen  0.15/turn              (ring currently unavailable)

@: pig-form, slowed
A: small, demonic guardian 1, deterioration 1, powered by death 2, robust 1
a: Heroism, Finesse, Renounce Religion


You were on level 4 of the Shoals.
You worshipped Okawaru.
Okawaru was exalted by your worship.
You were a filthy swine.
You visited 6 branches of the dungeon, and saw 29 of its levels.
You visited the Abyss 1 time.
You also visited: Sewer and Ice Cave.

You collected 2571 gold pieces.
You spent 274 gold pieces at shops.

Inventory:

Hand Weapons
 i - the +0 hunting sling "Lawk" {flame, rElec MR+ Int+4}
   (Okawaru gifted it to you on level 11 of the Dungeon)

   It causes projectiles fired from it to burn those they strike, causing extra
   injury to most foes and up to half again as much damage against particularly
   susceptible opponents.
   It affects your intelligence (+4).
   It insulates you from electricity.
   It affects your resistance to hostile enchantments.
 r - a +4 scimitar of flaming
 t - the +4 scimitar of Qirutuxt {antimagic, rC+}
   (Okawaru gifted it to you on level 15 of the Dungeon)

   It reduces the magical energy of the wielder, and disrupts the spells and
   magical abilities of those hit.
   Natural abilities and divine invocations are not affected.
   It protects you from cold.
 B - a +6 vorpal double sword (melded)
 H - a +3 vampiric scimitar
 V - the +3 rapier "Jusuxien" {vorpal, MR+ Stlth+}
   (Okawaru gifted it to you on level 6 of the Lair of Beasts)

   It inflicts extra damage upon your enemies.
   It affects your resistance to hostile enchantments.
   It makes you more stealthy.
 Y - the +7 mace of Variability {chain chaos}
   (You found it on level 15 of the Dungeon)

   Each time it hits an enemy it has a different, random effect.
Missiles
 q - 92 boomerangs (quivered)
Armour
 p - the cursed +0 helmet of Lugonu's Regard {Str+4}
   (You bought it in a shop on level 2 of the Orcish Mines)

   It affects your strength (+4).
   It has a curse placed upon it.
 u - a +0 tower shield (melded)
 v - the +2 hood of the Assassin (melded) {Detection Stab+ Stlth++}
   (You found it on level 14 of the Dungeon)

   It makes you much more stealthy.
 A - the +1 scale mail "Venunank" (melded) {rElec Int+5 SInv Stlth-}
   (Okawaru gifted it to you on level 13 of the Dungeon)

   It affects your intelligence (+5).
   It insulates you from electricity.
   It lets you see invisible.
   It makes you less stealthy.
 J - the +0 cloak of the Hidden Vale (melded) {Rampage rN+ Str+3}
   (You found it in an ice cave)

   It affects your strength (+3).
   It protects you from negative energy.
   It bestows one free step when moving towards enemies.
 K - a +3 plate armour of cold resistance
 L - the +1 pair of boots "Qimi" {rF+ MP+9 Dex-5 Stlth+}
   (You found it on level 2 of the Lair of Beasts)

   It affects your dexterity (-5).
   It protects you from fire.
   It affects your magic capacity (+9).
   It makes you more stealthy.
 N - a +1 pair of gloves of strength (melded)
Jewellery
 c - a +4 ring of protection (melded)
 d - an uncursed ring of positive energy
 x - a +4 ring of evasion (melded)
 y - an amulet of reflection (around neck)
Wands
 l - a wand of acid (1)
 z - a wand of iceblast (17)
 D - a wand of disintegration (59)
 M - a wand of polymorph (5)
 Q - a wand of digging (17)
 W - a wand of paralysis (12)
Scrolls
 b - 3 scrolls of enchant armour
 e - 10 scrolls of magic mapping
 m - 9 scrolls of remove curse
 s - 2 scrolls of identify
 w - 8 scrolls of teleportation
 C - 4 scrolls of fear
 E - 5 scrolls of enchant weapon
 I - 2 scrolls of brand weapon
 R - a scroll of summoning {unknown}
 S - a scroll of acquirement {unknown}
 T - 4 scrolls of fog
 U - 3 scrolls of blinking
Potions
 a - 2 potions of invisibility
 f - 13 potions of curing
 g - 13 potions of heal wounds
 h - 2 potions of flight
 j - a potion of cancellation
 k - 2 potions of berserk rage
 n - 4 potions of might
 o - 5 potions of haste
 G - 2 potions of ambrosia
 O - 2 potions of magic
 X - 2 potions of resistance
Miscellaneous
 F - a phantom mirror
 P - a lightning rod (inert)
 Z - a condenser vane


   Skills:
 + Level 15.6 Fighting
 + Level 14.4 Long Blades
 + Level 14.5 Armour
 + Level 14.5 Shields


You had 16 spell levels left.
You didn't know any spells.
Your spell library contained the following spells:

 Spells                   Type           Power        Failure   Level
 Animate Skeleton         Necr           #.....       36%         1
 Apportation              Tloc           #.....       36%         1
 Beastly Appendage        Tmut           #.....       36%         1
 Corona                   Hex            #......      36%         1
 Magic Dart               Conj           #...         36%         1
 Shock                    Conj/Air       #...         36%         1
 Summon Small Mammal      Summ           #...         36%         1
 Blink                    Tloc           N/A          50%         2
 Call Imp                 Summ           #.......     50%         2
 Ensorcelled Hibernation  Hex/Ice        #.....       50%         2
 Searing Ray              Conj           #.....       50%         2
 Slow                     Hex            #.......     50%         2
 Swiftness                Air            #.......     50%         2
 Wereblood                Tmut           #.......     50%         2
 Confusing Touch          Hex            #.......     75%         3
 Conjure Flame            Conj/Fire      #.......     75%         3
 Dazzling Flash           Conj/Hex       #.....       75%         3
 Mephitic Cloud           Conj/Pois/Air  #.......     75%         3
 Ozocubu's Armour         Ice            #.......     75%         3
 Spider Form              Tmut/Pois      #.........   75%         3
 Static Discharge         Conj/Air       #.......     75%         3
 Stone Arrow              Conj/Erth      #.....       75%         3
 Summon Guardian Golem    Hex/Summ       #.......     75%         3
 Tukima's Dance           Hex            #.......     75%         3
 Airstrike                Air            #.........   98%         4
 Fulminant Prism          Conj/Hex       #.........   98%         4
 Hailstorm                Conj/Ice       #.......     98%         4
 Ice Form                 Ice/Tmut       #.......     98%         4
 Iskenderun's Mystic Bla  Conj/Tloc      #.......     98%         4
 Blade Hands              Tmut           #.........   100%        5
 Borgnjor's Vile Clutch   Necr/Erth      #.........   100%        5
 Iskenderun's Battlesphe  Conj           #.......     100%        5
 Lightning Bolt           Conj/Air       #.........   100%        5
 Silence                  Hex/Air        #.........   100%        5
 Iron Shot                Conj/Erth      #.........   100%        6
 Shadow Creatures         Summ           N/A          100%        6
 Shatter                  Erth           #.........   100%        9
 Tornado                  Air            #.........   100%        9


Dungeon Overview and Level Annotations

Branches:
Dungeon (15/15)            Temple (1/1) D:7            Lair (6/6) D:9
 Shoals (4/4) Lair:3       Spider (0/4) Lair:4        Slime (0/5) Lair:6
    Orc (2/2) D:9             Elf (0/3) Orc:2        Vaults (0/5) D:13
 Depths (1/5) D:15          Sewer (visited)           IceCv (visited)

Altars:
Ashenzari
Cheibriados
Dithmenos
Elyvilon
Fedhas
Gozag
Hepliaklqana
Kikubaaqudgha
Makhleb
Nemelex Xobeh
Okawaru
Qazlal
Ru
Sif Muna
Trog
Uskayaw
Vehumet
Wu Jian
Xom
Yredelemnul
Zin
The Shining One
Beogh

Shops:
Orc:2 !?[[   Shoals:3 *

Portals:
Trove: D:11 (give +6 demon whip)

Annotations:
Shoals:4 Kirke, Polyphemus, Roxanne


Innate Abilities, Weirdness & Mutations

((You have claws for feet.))
A weak demonic guardian rushes to your aid.
((Your flesh is heat resistant. (rF+)))
You regenerate health from kills.
((Your movements are less encumbered by armour. (ER -4)))
((You have a beak for a mouth.))
Your body sometimes deteriorates upon taking damage.
((Your system is resistant to poisons. (rPois)))
You are robust. (+10% HP)


Message History

* * * LOW HITPOINT WARNING * * *
The merfolk impaler freezes you.
* * * LOW HITPOINT WARNING * * *
You block the merfolk impaler's attack. Kirke casts a spell at you.
You turn into a filthy swine.
Your +6 vorpal double sword melds into your body.
The +0 cloak of the Hidden Vale {Rampage rN+ Str+3} melds into your body.
The +2 hood of the Assassin {Detection Stab+ Stlth++} melds into your body.
Your +1 pair of gloves of strength melds into your body.
Your +0 tower shield melds into your body.
The +1 scale mail "Venunank" {rElec Int+5 SInv Stlth-} melds into your body.
Your +4 ring of evasion melds into your body.
Your +4 ring of protection melds into your body.
You feel weaker.
The merfolk javelineer throws a silver javelin.
The silver javelin pierces through you!!
* * * LOW HITPOINT WARNING * * *
The silver sears you!
You die...

.......(.....###### ..
..............≈≈#≈#≈..
.......†/((....≈≈≈....
................≈≈....
≈......).........≈....
≈≈.m....).m...........
≈≈......mmmm...†.....≈
≈≈≈......{...........≈
≈≈≈≈..≈..h(.........≈≈
≈≈≈≈≈≈≈≈.<(.........≈≈
m≈≈≈≈≈≈≈≈≈≈........≈≈≈
≈≈≈≈≈≈..≈≈≈...≈.≈≈≈≈≈
≈≈≈≈≈.#.≈≈≈≈..≈≈≈≈≈≈≈
≈≈≈≈.##≈≈≈≈.≈≈≈ ≈Y≈Y.
.≈≈≈≈≈≈≈≈ ≈≈≈≈
≈≈≈≈≈≈≈≈≈


You could see 3 merfolk impalers, a merfolk javelineer, 2 merfolk and 2 dream
sheep.

Vanquished Creatures
  Frances (Shoals:2)
  A frost giant (Shoals:4)
  2 stone giants (Depths:1)
  Azrael (D:14)
  A dire elephant (Lair:6)
  3 ettins
  2 merfolk impalers
  A merfolk javelineer (Shoals:2)
  4 vault guards (D:13)
  3 boulder beetles
  An ice dragon (D:15)
  8 hydras
  3 merfolk avatars
  Erica (D:11)
  8 centaur warriors
  Fannar (Lair:2)
  5 death yaks
  A merfolk aquamancer (Shoals:2)
  12 two-headed ogres
  A satyr (Shoals:2)
  4 orc high priests (Orc:2)
  3 ogre magi
  3 skeletal warriors
  10 sea snakes
  A death drake (shapeshifter) (Depths:1)
  5 unseen horrors
  4 wizards
  16 harpies
  An orc knight (D:15)
  A necromancer (IceCv)
  2 orc sorcerers (D:15)
  5 deep elf magi
  12 manticores
  5 cyclopes
  13 fauns
  21 elephants
  2 centaur zombies
  8 merfolk sirens
  3 black mambas
  A guardian serpent (shapeshifter) (Depths:1)
  A torpor snail (Lair:1)
  3 ice statues (IceCv)
  5 water nymphs
  14 cane toads
  A gargoyle (D:15)
  9 centaur skeletons
  3 rime drakes
  4 yaktaurs (Depths:1)
  3 kobold demonologists
  16 komodo dragons
  2 freezing wraiths (D:15)
  6 ice devils (IceCv)
  4 trolls
  21 merfolk
  A harpy zombie (D:14)
  2 hornets
  3 wind drakes
  3 meliai (D:13)
  26 blink frogs
  16 slime creatures
  7 polar bears
  A hornet (shapeshifter) (Depths:1)
  4 snapping turtles
  10 dream sheep
  5 water elementals
  A redback (Lair:4)
  A shadow (D:11)
  4 wraiths
  Sigmund (D:2)
  2 vampires
  4 wyverns
  37 yaks
  3 hogs (Shoals:4)
  2 fire elementals (D:14)
  4 basilisks
  2 chaos spawn (D:15)
  Edmund (D:4)
  3 vampire mosquitoes (D:14)
  12 wargs
  2 acid dragons
  13 water moccasins
  3 soldier ants
  Duvessa (D:4)
  2 hell hounds (D:14)
  4 ice beasts
  23 orc warriors
  3 phantoms
  2 sky beasts
  2 black bears (Lair:4)
  4 wolves (Lair:3)
  28 centaurs
  3 eyes of draining
  13 ogres
  5 big kobolds
  21 bullfrogs
  A wyvern zombie (D:13)
  7 scorpions
  Dowan (D:4)
  A water moccasin skeleton (D:11)
  11 wights
  10 killer bees
  4 electric eels
  A howler monkey (D:5)
  A bullfrog zombie (D:12)
  2 quasits
  5 jellies
  A bullfrog skeleton (D:5)
  5 draconian simulacra (IceCv)
  7 hounds
  41 orc priests
  4 iguanas
  Terence (D:2)
  31 orc wizards
  12 worker ants
  Natasha (thrice) (D:4)
  A troll simulacrum (IceCv)
  A killer bee zombie (D:9)
  2 centaur simulacra (IceCv)
  A hound skeleton (D:11)
  2 howler monkey zombies
  A worker ant zombie (D:5)
  4 gnolls (D:3)
  2 river rats (Sewer)
  22 adders
  2 ogre simulacra (IceCv)
  4 white imps
  2 ufetubi
  4 oozes
  3 worms
  2 dart slugs
  6 leopard geckos
  105 orcs
  4 giant cockroaches
  13 goblins
  7 hobgoblins
  14 jackals
  8 quokkas
  12 ball pythons
  8 bats
  11 frilled lizards
  A jackal zombie (D:7)
  24 kobolds
  A quokka zombie (D:5)
  33 rats
1005 creatures vanquished.

Vanquished Creatures (collateral kills)
  A merfolk impaler (Shoals:3)
  2 two-headed ogres (D:15)
  A satyr (Shoals:3)
  A sea snake (Shoals:2)
  A deep elf mage (D:14)
  2 fauns (Shoals:1)
  An ice statue (IceCv)
  A cane toad (Lair:2)
  A rime drake (Orc:1)
  A troll (D:9)
  A merfolk (Shoals:2)
  2 blink frogs
  2 slime creatures (D:9)
  3 yaks
  A basilisk (D:9)
  A warg (Orc:2)
  A water moccasin (Lair:3)
  A phantom (D:5)
  A centaur (D:11)
  2 ogres
  2 bullfrogs
  2 orc wizards (Orc:2)
  4 orc priests
  Jessica (D:2)
  2 worker ants (D:5)
  A hound skeleton (D:11)
  An adder skeleton (D:4)
  5 orcs
  A bat (D:3)
  A jackal (D:4)
  4 kobolds
51 creatures vanquished.

Vanquished Creatures (others)
  A manticore (Shoals:2)
  A yaktaur (Depths:1)
  A hog (Shoals:4)
  A boggart (Depths:1)
  A hound (D:11)
  15 fungi
  54 plants
74 creatures vanquished.

Grand Total: 1130 creatures vanquished

Notes
Turn   | Place    | Note
-------+----------+-------------------------------------------
     0 | D:1      | BritishOli the Demonspawn Fighter began the quest for the
                  | Orb.
     0 | D:1      | Reached XP level 1. HP: 18/18 MP: 1/1
    98 | D:1      | Gained mutation: You regenerate a little health from kills.
                  | [demonic ancestry]
    98 | D:1      | Reached XP level 2. HP: 24/24 MP: 2/2
   335 | D:1      | Gained mutation: A weak demonic guardian rushes to your
                  | aid. [demonic ancestry]
   335 | D:1      | Reached XP level 3. HP: 28/29 MP: 3/3
   806 | D:2      | Noticed Jessica
   810 | D:2      | Killed Jessica
   861 | D:2      | Reached XP level 4. HP: 29/35 MP: 4/4
  1075 | D:2      | Noticed Sigmund
  1088 | D:2      | Killed Sigmund
  1088 | D:2      | Reached XP level 5. HP: 38/42 MP: 5/5
  1124 | D:2      | Reached skill level 4 in Fighting
  1202 | D:2      | Noticed Terence
  1211 | D:2      | Killed Terence
  1827 | D:3      | Found a glowing golden altar of the Shining One.
  2106 | D:3      | Gained mutation: Your movements are slightly less
                  | encumbered by armour. (ER -2) [demonic ancestry]
  2106 | D:3      | Reached XP level 6. HP: 48/48 MP: 6/6
  2841 | D:3      | Found a shimmering altar of Xom.
  3021 | D:4      | Found a broken altar of Ashenzari.
  3104 | D:4      | Noticed Dowan
  3113 | D:4      | Noticed Edmund
  3116 | D:4      | Gained mutation: You regenerate health from kills. [demonic
                  | ancestry]
  3116 | D:4      | Reached XP level 7. HP: 33/55 MP: 7/7
  3131 | D:4      | Killed Edmund
  3133 | D:4      | Killed Dowan
  3138 | D:4      | Noticed Duvessa
  3160 | D:4      | Killed Duvessa
  3160 | D:4      | Reached skill level 5 in Fighting
  3363 | D:4      | Noticed a two-headed ogre
  3519 | D:4      | Found a roughly hewn altar of Beogh.
  3789 | D:4      | Noticed Natasha
  3793 | D:4      | Killed Natasha
  3901 | D:4      | Noticed Natasha
  3904 | D:4      | Killed Natasha
  3918 | D:4      | Noticed Natasha
  3927 | D:4      | Killed Natasha
  4522 | D:5      | Entered Level 5 of the Dungeon
  4535 | D:5      | Reached skill level 5 in Shields
  4621 | D:5      | Reached skill level 5 in Armour
  4621 | D:5      | Gained mutation: You have sharp toenails. [demonic
                  | ancestry]
  4621 | D:5      | Reached XP level 8. HP: 47/63 MP: 8/8
  4655 | D:5      | Found a glowing drain.
  4665 | Sewer    | Entered a sewer
  5137 | D:5      | Found a snail-covered altar of Cheibriados.
  5519 | D:5      | Reached skill level 5 in Long Blades
  5601 | D:5      | Reached skill level 6 in Fighting
  5797 | D:5      | Found a shadowy altar of Dithmenos.
  5799 | D:5      | Found a sacrificial altar of Ru.
  5799 | D:5      | Found an opulent altar of Gozag.
  5843 | D:5      | Found a broken altar of Ashenzari.
  6809 | D:6      | Gained mutation: You have razor-sharp toenails. [demonic
                  | ancestry]
  6809 | D:6      | Reached XP level 9. HP: 68/71 MP: 9/9
  7947 | D:7      | Found a staircase to the Ecumenical Temple.
  7956 | Temple   | Entered the Ecumenical Temple
  8023 | Temple   | Became a worshipper of Warmaster Okawaru
  8496 | D:7      | Reached skill level 7 in Fighting
  9132 | D:8      | Reached * piety under Okawaru
  9644 | D:8      | Reached ** piety under Okawaru
  9886 | D:9      | Found a staircase to the Orcish Mines.
  9891 | D:9      | Noticed a two-headed ogre
  9918 | D:9      | Reached XP level 10. HP: 78/80 MP: 10/10
  9929 | D:9      | Killed a two-headed ogre
  9929 | D:9      | Reached *** piety under Okawaru
  9929 | D:9      | Reached skill level 8 in Fighting
 10418 | D:9      | Noticed a two-headed ogre
 10467 | D:9      | Reached **** piety under Okawaru
 10473 | D:9      | Killed a two-headed ogre
 10763 | D:9      | Reached ***** piety under Okawaru
 10770 | D:9      | Reached skill level 9 in Fighting
 11190 | D:9      | Gained mutation: Your flesh is heat resistant. (rF+)
                  | [demonic ancestry]
 11190 | D:9      | Reached XP level 11. HP: 79/89 MP: 11/11
 11245 | D:9      | Found a staircase to the Lair.
 11271 | Lair:1   | Entered Level 1 of the Lair of Beasts
 11574 | Lair:1   | Noticed a death yak
 11574 | Lair:1   | Noticed a death yak
 11574 | Lair:1   | Noticed a death yak
 11574 | Lair:1   | Noticed a death yak
 11575 | Lair:1   | Noticed a death yak
 11704 | Orc:1    | Entered Level 1 of the Orcish Mines
 11772 | Orc:1    | Found a frozen archway.
 11876 | Orc:1    | Received a gift from Okawaru
 11881 | Orc:1    | Found a roughly hewn altar of Beogh.
 11899 | IceCv    | Entered an ice cave
 14322 | IceCv    | Noticed a necromancer
 14331 | IceCv    | Killed a necromancer
 14331 | IceCv    | Reached skill level 10 in Fighting
 14346 | IceCv    | Got a heavily runed cloak
 14358 | IceCv    | Identified the +0 cloak of the Hidden Vale {Rampage rN+
                  | Str+3} (You found it in an ice cave)
 15367 | Orc:2    | Entered Level 2 of the Orcish Mines
 15388 | Orc:1    | Received a gift from Okawaru
 15853 | Orc:2    | Noticed an orc high priest
 15858 | Orc:2    | Reached XP level 12. HP: 97/97 MP: 12/12
 15864 | Orc:2    | Gained mutation: You are agile. (Dex +2) [a neqoxec]
 15868 | Orc:2    | Killed an orc high priest
 15893 | Orc:2    | Noticed an orc high priest
 16473 | Orc:2    | Cast into level 2 of the Abyss (chaos spawn)
 16532 | Orc:2    | Escaped the Abyss
 16540 | Orc:2    | Killed an orc high priest
 16618 | Orc:2    | Found a roughly hewn altar of Beogh.
 16851 | Orc:2    | Noticed an orc high priest
 16864 | Orc:2    | Killed an orc high priest
 16934 | Orc:2    | Noticed an orc high priest
 16936 | Orc:2    | Reached skill level 10 in Armour
 16946 | Orc:2    | Killed an orc high priest
 16946 | Orc:2    | Reached skill level 10 in Shields
 17055 | Orc:2    | Found a roughly hewn altar of Beogh.
 17070 | Orc:2    | Found a staircase to the Elven Halls.
 17128 | Orc:2    | Found Mowoept's Distillery.
 17128 | Orc:2    | Found Pahurch Nyosi's Magic Scroll Boutique.
 17132 | Orc:2    | Bought a potion of heal wounds for 75 gold pieces
 17172 | Orc:2    | Found Fufayqof's Antique Armour Shoppe.
 17172 | Orc:2    | Found San Ollo's Antique Armour Boutique.
 17177 | Orc:2    | Bought a crude helmet for 199 gold pieces
 17196 | Orc:2    | Identified the cursed +0 helmet of Lugonu's Regard {Str+4}
                  | (You bought it in a shop on level 2 of the Orcish Mines)
 17286 | D:9      | Lost mutation: You are agile. (Dex +2) [potion of mutation]
 17286 | D:9      | Gained mutation: Your spells are a little easier to cast,
                  | but a little less powerful. [potion of mutation]
 17286 | D:9      | Gained mutation: You are robust. (+10% HP) [potion of
                  | mutation]
 17287 | D:9      | Lost mutation: Your spells are a little easier to cast, but
                  | a little less powerful. [potion of mutation]
 17287 | D:9      | Lost mutation: You are robust. (+10% HP) [potion of
                  | mutation]
 17287 | D:9      | Gained mutation: You have a pair of small horns on your
                  | head. [potion of mutation]
 17287 | D:9      | Gained mutation: You are frail. (-10% HP) [potion of
                  | mutation]
 17287 | D:9      | Gained mutation: Your skin changes colour to match your
                  | surroundings (Stealth+). [potion of mutation]
 17288 | D:9      | Lost mutation: You have a pair of small horns on your head.
                  | [potion of mutation]
 17288 | D:9      | Lost mutation: You are frail. (-10% HP) [potion of
                  | mutation]
 17288 | D:9      | Lost mutation: Your skin changes colour to match your
                  | surroundings (Stealth+). [potion of mutation]
 17288 | D:9      | Gained mutation: You can translocate small distances at
                  | will. [potion of mutation]
 17288 | D:9      | Gained mutation: Armour fits poorly on your strangely
                  | shaped body. [potion of mutation]
 17288 | D:9      | Gained mutation: You have a beak for a mouth. [potion of
                  | mutation]
 17288 | D:9      | Gained mutation: Your muscles are strong. (Str +2) [potion
                  | of mutation]
 17344 | D:10     | Entered Level 10 of the Dungeon
 17652 | D:10     | Identified the Compendium of Plaster Cramp
 17660 | D:10     | Identified Sif Muna's Incunabulum of Combed Thunderclap
 17962 | D:11     | Reached skill level 11 in Fighting
 17962 | D:11     | Reached skill level 10 in Long Blades
 18107 | D:11     | Found a portal to a secret trove of treasure.
 18148 | D:11     | Noticed Erica
 18179 | D:11     | Killed Erica
 18179 | D:11     | Received a gift from Okawaru
 18182 | D:11     | Got a transparent hunting sling {god gift}
 18196 | D:11     | Identified the +0 hunting sling "Lawk" {flame, rElec MR+
                  | Int+4} (Okawaru gifted it to you on level 11 of the
                  | Dungeon)
 18339 | Lair:1   | Killed a death yak
 18380 | Lair:1   | Noticed a six-headed hydra
 18386 | Lair:1   | Killed a two-headed hydra
 18454 | Lair:1   | Identified the Almanac of Lethal Cold
 18487 | Lair:1   | Killed a death yak
 18540 | Lair:1   | Killed a death yak
 18550 | Lair:1   | Killed a death yak
 18940 | Lair:1   | Reached XP level 13. HP: 97/106 MP: 13/13
 18982 | Lair:1   | You fall into a shaft and drop 1 floor!
 19004 | Lair:2   | Got a pair of spiked boots
 19010 | Lair:2   | Identified the +1 pair of boots "Qimi" {rF+ MP+9 Dex-5
                  | Stlth+} (You found it on level 2 of the Lair of Beasts)
 19126 | Lair:2   | Received a gift from Okawaru
 19199 | Lair:2   | Noticed Fannar
 19247 | Lair:2   | Killed Fannar
 19466 | Lair:2   | Lost mutation: Armour fits poorly on your strangely shaped
                  | body. [potion of mutation]
 19466 | Lair:2   | Lost mutation: Your muscles are strong. (Str +2) [potion of
                  | mutation]
 19466 | Lair:2   | Lost mutation: You can translocate small distances at will.
                  | [potion of mutation]
 19466 | Lair:2   | Gained mutation: Your body sometimes deteriorates upon
                  | taking damage. [potion of mutation]
 19466 | Lair:2   | Gained mutation: You tend to lose your temper in combat.
                  | [potion of mutation]
 19466 | Lair:2   | Gained mutation: Your movements are less encumbered by
                  | armour. (ER -4) [potion of mutation]
 19466 | Lair:2   | Gained mutation: You are agile. (Dex +2) [potion of
                  | mutation]
 19992 | D:10     | Reached ****** piety under Okawaru
 20037 | D:10     | Identified Uvecwif's Grimoire of Sand
 20608 | Lair:2   | You fall into a shaft and drop 1 floor!
 20838 | Lair:3   | Reached skill level 12 in Fighting
 20848 | Lair:3   | Found a staircase to the Shoals.
 21046 | Lair:3   | Lost mutation: You tend to lose your temper in combat.
                  | [potion of mutation]
 21046 | Lair:3   | Lost mutation: Your movements are less encumbered by
                  | armour. (ER -4) [potion of mutation]
 21046 | Lair:3   | Lost mutation: Your body sometimes deteriorates upon taking
                  | damage. [potion of mutation]
 21046 | Lair:3   | Lost mutation: You are agile. (Dex +2) [potion of mutation]
 21046 | Lair:3   | Gained mutation: Your body sometimes deteriorates upon
                  | taking damage. [potion of mutation]
 21046 | Lair:3   | Gained mutation: You are robust. (+10% HP) [potion of
                  | mutation]
 21046 | Lair:3   | Gained mutation: Your system is resistant to poisons.
                  | (rPois) [potion of mutation]
 21046 | Lair:3   | Gained mutation: You have claws for feet. [potion of
                  | mutation]
 22841 | Lair:4   | You fall into a shaft and drop 2 floors!
 22841 | Lair:6   | Entered Level 6 of the Lair of Beasts
 22843 | Lair:6   | Noticed a dire elephant
 22854 | Lair:6   | Killed a dire elephant
 22854 | Lair:6   | Received a gift from Okawaru
 22886 | Lair:6   | Mutation became permanent: You have razor-sharp toenails.
                  | [demonic ancestry]
 22886 | Lair:6   | Gained mutation: You have claws for feet. [demonic
                  | ancestry]
 22886 | Lair:6   | Reached XP level 14. HP: 111/127 MP: 6/14
 23050 | Lair:6   | Got a transparent rapier {god gift}
 23051 | Lair:6   | Identified the +3 rapier "Jusuxien" {vorpal, MR+ Stlth+}
                  | (Okawaru gifted it to you on level 6 of the Lair of Beasts)
 23155 | Lair:6   | Received a gift from Okawaru
 23347 | Lair:6   | Reached skill level 13 in Fighting
 23420 | Lair:6   | Received a gift from Okawaru
 23981 | Lair:6   | Found a staircase to the Slime Pits.
 25360 | Lair:4   | Found a hole to the Spider Nest.
 26545 | D:12     | Received a gift from Okawaru
 27079 | D:13     | Reached XP level 15. HP: 136/136 MP: 15/15
 27649 | D:13     | Found a gate to the Vaults.
 27733 | D:13     | Received a gift from Okawaru
 27791 | D:13     | Got an ancient scale mail {god gift}
 27802 | D:13     | Identified the +1 scale mail "Venunank" {rElec Int+5 SInv
                  | Stlth-} (Okawaru gifted it to you on level 13 of the
                  | Dungeon)
 28195 | D:14     | Found the +2 hood of the Assassin {Detection Stab+ Stlth++}
 28401 | D:14     | Reached skill level 14 in Fighting
 29630 | D:14     | Noticed Azrael
 29645 | D:14     | Killed Azrael
 29961 | D:15     | Entered Level 15 of the Dungeon
 30174 | D:15     | Found a sacrificial altar of Ru.
 30216 | D:15     | Found a shimmering altar of Xom.
 30217 | D:15     | Found the +7 mace of Variability {chain chaos}
 30296 | D:15     | Found a staircase to the Depths.
 30307 | D:15     | Received a gift from Okawaru
 30842 | D:15     | Reached XP level 16. HP: 141/147 MP: 16/16
 30851 | D:15     | Upgraded the game from 0.26-a0-708-g17f3b190f9 to
                  | 0.26-a0-753-g4680b4fa2e
 31504 | Depths:1 | Entered Level 1 of the Depths
 32057 | D:15     | Received a gift from Okawaru
 32058 | D:15     | Got a transparent scimitar {god gift}
 32059 | D:15     | Identified the +4 scimitar of Qirutuxt {antimagic, rC+}
                  | (Okawaru gifted it to you on level 15 of the Dungeon)
 33490 | Shoals:1 | Entered Level 1 of the Shoals
 34025 | Shoals:1 | Received a gift from Okawaru
 34676 | Shoals:2 | Reached skill level 15 in Fighting
 35159 | Shoals:2 | Noticed Frances
 35203 | Shoals:2 | Killed Frances
 35546 | Shoals:2 | Received a gift from Okawaru
 36310 | Shoals:3 | Gained mutation: Your movements are less encumbered by
                  | armour. (ER -4) [demonic ancestry]
 36310 | Shoals:3 | Reached XP level 17. HP: 78/153 MP: 17/17
 36565 | Shoals:3 | Received a gift from Okawaru
 36776 | Shoals:3 | Found Tigamoexi's General Store.
 37662 | Shoals:4 | Entered Level 4 of the Shoals
 37662 | Shoals:4 | Noticed Roxanne
 37666 | Shoals:4 | Noticed Polyphemus
 37679 | Shoals:4 | Noticed Kirke
 37758 | Shoals:4 | HP: 5/153 [merfolk javelineer/silver javelin (28)]
 37758 | Shoals:4 | Hit by a silver javelin thrown by a merfolk javelineer

Illustrated notes

Levels and vault maps discovered:
D:1:      saegor_arrival_simple_a, layout_rooms, minmay_misc_feat_rugged
D:2:      layout_basic, grunt_ministairs_2, uniq_sigmund, uniq_terence,
          uniq_jessica
D:3:      layout_rooms, tgw_xom, tso_altar
D:4:      layout_loops_ring, ashenzari_altar_1, kennysheep_orc_chapel,
          uniq_edmund, uniq_natasha, uniq_duvessa
D:5:      layout_loops_ring, nicolae_overflow_crystal_walls,
          chequers_temple_overflow_statue_of_worship, portal_sewer_entry_d,
          basic_altar
D:6:      minmay_octagon_keep, layout_cave_pods, minmay_misc_feat_x
D:7:      layout_loops_corners, minmay_temple_entry_drinking_statues,
          grunt_decor_clamped
D:8:      layout_loops_cross
D:9:      layout_irregular_city, erik_lair_dragon
D:10:     layout_long_grid, bh_hangedman_babel_library
D:11:     layout_cross, nicolae_trove_entry_free_sample, uniq_erica
D:12:     layout_basic
D:13:     layout_roguey, lightli_vaults_fourway_checkpoint
D:14:     layout_loops_ring, uniq_azrael
D:15:     grunt_enter_depths_magical_seal, layout_rooms,
          nicolae_ru_awakened_eye, minmay_guarded_unrand_variability
Temple:   regret_index_temple_waves
Lair:1:   layout_regular_city, grunt_megastairs_2, lemuel_fruit_tree
Lair:2:   layout_hall_layers, serial_bayou_pond_c, uniq_fannar
Lair:3:   layout_cave_pods, minmay_shoals_entry_centaurs,
          chequers_serial_rivers_micro_b
Lair:4:   layout_cave_shapes, spider_nest_entry_webs
Lair:5:   layout_regular_city, st_stairs_9, serial_bayou_shore_a,
          grunt_megastairs_5
Lair:6:   gammafunk_lair_ancient_temple, layout_cellular_growth,
          dpeg_slime_entry_corner, pond
Shoals:1: layout_shoals
Shoals:2: layout_shoals, uniq_frances
Shoals:3: layout_shoals, nicolae_shoals_c_island
Shoals:4: shoals_end_grunt_ice, layout_shoals, uniq_kirke, uniq_polyphemus,
          uniq_roxanne
Orc:1:    layout_diamond_mine, portal_ice_cave_rime, lemuel_statue_altar
Orc:2:    st_orc_town, layout_caves, basic_altar
Depths:1: minmay_the_grid_triangle_9x9_recursive_3
          [minmay_the_grid_triangle_9x9_fully_insulated_deathbox,
          minmay_the_grid_triangle_9x9_limited_checkers,
          minmay_the_grid_triangle_9x9_tough_junction,
          minmay_the_grid_triangle_9x9_prize_top_heavy,
          minmay_the_grid_triangle_9x9_wacky_v,
          minmay_the_grid_triangle_9x9_impossible_snake,
          minmay_the_grid_triangle_9x9_negative_grid,
          minmay_the_grid_triangle_9x9_windchime,
          minmay_the_grid_triangle_9x9_minimal], layout_twisted_cross,
          grunt_mini_vestibule, grunt_pan_entry_spiral, hangedman_blasphemy

Skill      XL: |  1  2  3  4  5  6  7  8  9 10 11 12 13 14 15 16 |
---------------+-------------------------------------------------+-----
Long Blades    | 2 3 4 5 6 8 9 10 11 12 13 14 | 14.4
Armour         | 3 4 5 6 7 8 9 10 11 12 13 14 | 14.5
Shields        | 3 4 5 6 7 8 9 10 11 12 13 14 | 14.5
Fighting       | 4 5 6 7 9 10 11 12 13 14 15 | 15.6

Action                   |  1- 3 |  4- 6 |  7- 9 | 10-12 | 13-15 | 16-18 || total
-------------------------+-------+-------+-------+-------+-------+-------++-------
Melee: Long sword        |    92 |   206 |   362 |       |       |       ||   660
       Kick              |       |       |   122 |   359 |   663 |   272 ||  1416
       Falchion          |       |       |   228 |   409 |       |       ||   637
       Scimitar          |       |       |       |   505 |   843 |   345 ||  1693
       Peck              |       |       |       |    32 |   444 |   174 ||   650
       Unarmed           |       |       |       |    15 |       |       ||    15
       Rapier            |       |       |       |       |   764 |    68 ||   832
       Double sword      |       |       |       |       |       |   211 ||   211
Throw: Boomerang         |       |       |     1 |     1 |       |     1 ||     3
Invok: Heroism           |       |       |       |     5 |       |       ||     5
Evoke: Lightning rod     |       |       |       |       |       |     4 ||     4
  Use: Scroll            |       |     6 |     8 |    12 |    15 |     3 ||    44
       Potion            |       |     1 |     1 |    12 |     2 |       ||    16
 Stab: Distracted        |       |       |     3 |     5 |     4 |     6 ||    18
       Confused          |       |       |       |     1 |       |       ||     1
       Sleeping          |       |       |       |       |     3 |     1 ||     4
Armor: Scale mail        |    44 |    91 |   156 |       |   136 |   185 ||   612
       Plate armour      |       |       |   156 |   511 |   576 |       ||  1243
       Skin              |       |       |       |     3 |       |       ||     3
Dodge: Dodged            |    23 |    79 |   171 |   228 |   284 |   198 ||   983
Block: Kite shield       |    38 |   110 |   330 |   191 |       |       ||   669
       Tower shield      |       |       |       |   373 |  1544 |   807 ||  2724
       Reflection        |       |       |       |       |     2 |    98 ||   100
       Rpst.: Long sword |     7 |    26 |    44 |       |       |       ||    77
       Falchion          |       |       |     7 |    28 |       |       ||    35
       Scimitar          |       |       |       |    26 |    49 |    12 ||    87
       Double sword      |       |       |       |       |       |    10 ||    10

Table legend: (Time is in decaauts)
 A = Elapsed time spent in this place.
 B = Non-inter-level travel time spent in this place.
 C = Inter-level travel time spent in this place.
 D = Time resting spent in this place.
 E = Time spent auto-exploring this place.
 F = Levels seen in this place.
 G = Mean time per level.
                   A        B        C        D        E       F      G
               +--------+--------+--------+--------+--------+-----+--------+
         Total |  38192 |  34446 |   3746 |   7765 |  18474 |  32 | 1193.5 |
       Dungeon |  20135 |  17837 |   2298 |   3020 |  10583 |  15 | 1342.3 |
        Temple |    159 |     87 |     72 |      0 |     80 |   1 |  159.0 |
          Lair |   7143 |   6267 |    876 |    487 |   4528 |   6 | 1190.5 |
        Shoals |   4066 |   3645 |    421 |   1031 |   1685 |   4 | 1016.5 |
  Orcish Mines |   2566 |   2488 |     78 |    728 |    986 |   2 | 1283.0 |
        Depths |    628 |    628 |      0 |    221 |    219 |   1 |  628.0 |
         Abyss |     58 |     58 |      0 |     43 |      0 |   1 |   58.0 |
         Sewer |    516 |    516 |      0 |      0 |    244 |   1 |  516.0 |
      Ice Cave |   2917 |   2917 |      0 |   2235 |    148 |   1 | 2917.0 |
               +--------+--------+--------+--------+--------+-----+--------+

Top non-repeatable levels by time:
   IceCv: 2917 daAuts
     D:9: 2257 daAuts
    D:15: 1873 daAuts
    D:13: 1767 daAuts
Shoals:3: 1674 daAuts
     D:2: 1611 daAuts
    D:14: 1609 daAuts
  Lair:2: 1608 daAuts
   Orc:1: 1508 daAuts
     D:4: 1481 daAuts
  Lair:1: 1458 daAuts
  Lair:6: 1448 daAuts
     D:6: 1362 daAuts
Shoals:1: 1351 daAuts
    D:10: 1300 daAuts
